 Dungeon Crawl Stone Soup version 0.28.0 (webtiles) character file.

Game seed: 6517417474048886815

23 sanka the Magician (level 2, 16/16 HPs)
             Began as a Deep Elf Transmuter on Feb 8, 2022.
             Was a Follower of Cheibriados.
             Quit the game on level 1 of the Dungeon.
             The game lasted 00:01:41 (1422 turns).

sanka the Magician (Deep Elf Transmuter)            Turns: 1422, Time: 00:01:41

Health: 16/16      AC:  3    Str:  9    XL:     2   Next: 72%
Magic:  9/9        EV: 13    Int: 19    God:    Cheibriados [*.....]
Gold:   12         SH:  0    Dex: 17    Spells: 9/10 levels left

rFire   . . .      SeeInvis .     - Unarmed
rCold   . . .      Faith    .   (no shield)
rNeg    . . .      Spirit   .   a - +0 robe
rPois   .          Reflect  .   (no helmet)
rElec   .          Harm     .   (no cloak)
rCorr   .          Rampage  .   g - +0 pair of gloves
Will    .....                   (no boots)
Stlth   ++........              (no amulet)
HPRegen 0.05/turn               (no ring)
MPRegen 0.11/turn               (no ring)

@: very slow
A: no striking features
a: Renounce Religion, Bend Time


You were on level 1 of the Dungeon.
You worshipped Cheibriados.
Cheibriados was aware of your devotion.
You visited 1 branch of the dungeon, and saw 1 of its levels.

You collected 12 gold pieces.

Inventory:

Armour
 a - a +0 robe (worn)
 g - a +0 pair of gloves (worn)
Scrolls
 b - a scroll of identify {unknown}
 c - a scroll of fog {unknown}
 e - a scroll of silence {unknown}
 f - a scroll of teleportation {unknown}
Potions
 d - a potion of lignification {unknown}


   Skills:
 - Level 0.7 Fighting
 - Level 2.4 Dodging
 - Level 2.4 Unarmed Combat
 + Level 4.7 Spellcasting
 - Level 2.1 Transmutations


You had 9 spell levels left.
You knew the following spells:

 Your Spells              Type           Power      Damage    Failure   Level
a - Beastly Appendage     Tmut           24%        N/A       5%          1

Your spell library contained the following spells:

 Spells                   Type           Power      Damage    Failure   Level
 Wereblood                Tmut           12%        N/A       8%          2
 Passwall                 Tmut/Erth      6%         N/A       12%         2
 Ensorcelled Hibernation  Hex/Ice        8%         N/A       19%         2
 Spider Form              Tmut/Pois      8%         N/A       24%         3
 Swiftness                Air            4%         N/A       36%         3
 Ice Form                 Ice/Tmut       8%         N/A       63%         4
 Animate Dead             Necr           2%         N/A       77%         4
 Borgnjor's Vile Clutch   Necr/Erth      2%         N/A       98%         5
 Death Channel            Necr           2%         N/A       100%        6


Dungeon Overview and Level Annotations

Branches:
Dungeon (1/15)

Altars:
Cheibriados


Message History

An endoplasm comes into view.
An endoplasm is nearby!
You grow a pair of large bovine horns.
Your feet morph into talons.
The endoplasm quivers.
The endoplasm freezes you.
You are frozen.
You completely miss the endoplasm. You claw the endoplasm.
You punch the endoplasm.
The endoplasm is heavily wounded.
The endoplasm misses you.
You hit the endoplasm. Your kick misses the endoplasm.
You headbutt the endoplasm.
You kill the endoplasm!
No target in view!
No target in view!
You start resting.
Magic restored.
You start resting.
Your transformation is almost over.
Your horns disappear.
Your talons disappear.
HP restored.
You start waiting.
Done waiting.
Found a faded altar of an unknown god.
You pick up a book of Burglary and begin reading...
You add the spells Passwall, Ensorcelled Hibernation and Swiftness to your library.
A goblin comes into view. It is wielding a +0 club.
Search for what [? for help]? altar You see here a +0 dagger.
There is a faded altar of an unknown god here.
You cannot tell which god this altar belongs to.
Convert to them anyway?
Okay, then.
You cannot tell which god this altar belongs to.
Convert to them anyway?
Cheibriados accepts your prayer! Cheibriados welcomes you!
Cheibriados begins to support your attributes as your movement slows.
Cheibriados is now slowing the effects of poison on you.
You can now bend time to slow others.
Cheibriados raises the support of your attributes as your movement slows.
Are you sure you want to abandon this character and quit the game? (Confirm with "yes".)

#.# #.# #.# #.# #.#
#.# ########.# #.##
.........# #..##
........># ###...#
..#####..# ##.....#
#.# #..# #......#
..# #..# #...@..#
#(## #..####..8.8.#
#..# #............#
#..####...##########
..........#
....####..#
..#......)#
#.#..###.##
#.##.###.######


There were no monsters in sight!

Vanquished Creatures
  3 ball pythons (D:1)
  An endoplasm (D:1)
  A giant cockroach (D:1)
  2 goblins (D:1)
  3 hobgoblins (D:1)
  2 jackals (D:1)
  A kobold (D:1)
  A quokka (D:1)
  3 bats (D:1)
  2 frilled lizards (D:1)
  2 rats (D:1)
21 creatures vanquished.

Notes
Turn   | Place    | Note
-------+----------+-------------------------------------------
     0 | D:1      | sanka the Deep Elf Transmuter began the quest for the Orb.
     0 | D:1      | Reached XP level 1. HP: 11/11 MP: 6/6
   492 | D:1      | Reached skill level 4 in Spellcasting
   492 | D:1      | Reached XP level 2. HP: 12/16 MP: 7/9
  1281 | D:1      | Found a faded altar of an unknown god.
  1421 | D:1      | Prayed at the altar of an unknown god.
  1421 | D:1      | Became a worshipper of Cheibriados the Contemplative
  1421 | D:1      | Reached * piety under Cheibriados
  1422 | D:1      | Quit the game

Illustrated notes

Levels and vault maps discovered:
D:1:      saegor_arrival_simple_b, layout_basic,
          dreamdust_ecumenical_altar_statues

Skill      XL: |  1 |
---------------+----+-----
Spellcasting   | 4 |  4.7
Fighting       | |  0.7
Dodging        | |  2.4
Unarmed Combat | |  2.4
Transmutations | |  2.1

Action                   || total
-------------------------++-------
Melee: Unarmed           ||    51
       Kick              ||    18
       Headbutt          ||     6
       Punch             ||     2
 Cast: Beastly Appendage ||    15
Armor: Robe              ||    15
Dodge: Dodged            ||    34
